 Dungeon Crawl Stone Soup version 0.24.0-13-gcf9b3192b9 (webtiles) character file.

Game seed: 9885224838863937632, levelgen mode: deterministic

190 Mrkan the Ruffian (level 5, -3/47 HPs)
             Began as a Troll Monk on Nov 5, 2019.
             Was a Believer of Ru.
             Slain by an orc warrior
             ... wielding a +0 halberd
              (8 damage)
             ... on level 6 of the Dungeon.
             The game lasted 00:04:29 (1466 turns).

Mrkan the Ruffian (Troll Monk)                      Turns: 1466, Time: 00:04:30

Health: -3/47      AC:  6    Str: 19    XL:     5   Next: 41%
Magic:  4/4        EV: 10    Int:  7    God:    Ru [**....]
Gold:   171        SH:  0    Dex: 12    Spells: 4/4 levels left

rFire    . . .     SeeInvis .     - Unarmed
rCold    . . .     Gourm    +   (no shield)
rNeg     . . .     Faith    .   a - +0 robe
rPois    .         Spirit   .   (helmet restricted)
rElec    .         Reflect  .   (no cloak)
rCorr    .         Harm     .   (gloves unavailable)
MR       .....                  (boots unavailable)
Stlth    ++........             (no amulet)
HPRegen  0.55/turn              (no ring)
MPRegen  0.09/turn              (no ring)

@: no status effects
A: large, unfitting armour, claws 3, fast metabolism 3, frail 1, gourmand,
regeneration 1, shaggy fur 1, tough skin 3
a: Renounce Religion


You were on level 6 of the Dungeon.
You worshipped Ru.
Ru was pleased with you.
You were completely stuffed.

You visited 1 branch of the dungeon, and saw 4 of its levels.

You collected 171 gold pieces.

Inventory:

Armour
 a - a +0 robe (worn)
Scrolls
 e - 2 scrolls of remove curse {unknown}
 f - 2 scrolls of identify {unknown}
 j - a scroll of teleportation {unknown}
Potions
 c - 2 potions of degeneration {unknown}
 d - 2 potions of flight {unknown}
 g - a potion of berserk rage {unknown}
 h - a potion of mutation {unknown}
 i - 2 potions of curing {unknown}
Comestibles
 b - 10 rations


   Skills:
 + Level 3.5 Fighting
 - Level 2.4 Dodging
 - Level 1.0 Stealth
 * Level 5.3 Unarmed Combat


You had 4 spell levels left.
You didn't know any spells.
Your spell library contained the following spells:

 Spells                   Type           Power        Failure   Level  Hunger
 Summon Small Mammal      Summ           #...         43%         1    ##.....
 Call Imp                 Summ           #.......     56%         2    ###....
 Call Canine Familiar     Summ           #.......     80%         3    ####...
 Summon Guardian Golem    Hex/Summ       #.......     80%         3    ####...
 Summon Ice Beast         Ice/Summ       #.......     99%         4    #####..
 Summon Lightning Spire   Summ/Air       #.......     99%         4    #####..


Dungeon Overview and Level Annotations

Branches:
Dungeon (3/15)

Altars:
Elyvilon
Ru


Innate Abilities, Weirdness & Mutations

You are too large for most types of armour.
You have claws for hands.
Your metabolism is lightning-fast.
You are frail. (-10% HP)
You like to eat raw meat.
Your natural rate of healing is unusually fast.
You are covered in fur. (AC +1)
You have extremely tough skin. (AC +3)


Message History

You scratch the orc.
You kill the orc!
The orc priest looks braver for a moment.
An adder comes into view.
The orc warrior hits you from afar with a +0 halberd!!
Found 6 gold pieces.
Things that are here:
a +0 flail; a +0 ring mail You completely miss the orc warrior.
You scratch the orc.
The orc is moderately wounded.
The orc hits you with a +0 mace.
You barely miss the orc.
The orc is moderately wounded.
The orc warrior hits you with a +0 halberd!!
* * * LOW HITPOINT WARNING * * *
You scratch the orc warrior but do no damage.
The orc closely misses you.
The orc warrior hits you with a +0 halberd!
You die...

.. #.# #. #.# #.#.
#.##### #..# ##.....####
#####S#####......?...
!.....).........>.... ##
#.#........."...... .#
###.#..####.......... .#
#...........#@###### .#
#.#...#.##..oooo..... .#
#.....#.#............ .#
#........#........... .#
###<####.#...........
.#####.####.#...........
.........# .#...........
.........# .#.......$...
.........#


You could see an orc warrior, an orc priest and 2 orcs.

Vanquished Creatures
  A scorpion (D:3)
  A hound (D:6)
  A worker ant (D:6)
  An adder (D:2)
  2 oozes
  A worm (D:2)
  3 dart slugs
  3 leopard geckos
  An orc (D:6)
  2 giant cockroaches (D:3)
  10 goblins
  4 hobgoblins
  7 jackals
  5 kobolds
  A ball python (D:1)
  5 bats
  4 frilled lizards
  6 rats
58 creatures vanquished.

Notes
Turn   | Place    | Note
-------+----------+-------------------------------------------
     0 | D:1      | Mrkan the Troll Monk began the quest for the Orb.
     0 | D:1      | Reached XP level 1. HP: 22/22 MP: 0/0
    40 | D:1      | Reached XP level 2. HP: 29/29 MP: 1/1
   295 | D:1      | Reached XP level 3. HP: 36/36 MP: 2/2
   407 | D:1      | Reached skill level 4 in Unarmed Combat
   645 | D:2      | Found a sacrificial altar of Ru.
   646 | D:2      | Found a white marble altar of Elyvilon.
   659 | D:2      | Became a worshipper of Ru the Awakened
   660 | D:2      | Gained mutation: You are frail. (-10% HP) [Ru sacrifice]
   660 | D:2      | Reached * piety under Ru
   660 | D:2      | Reached ** piety under Ru
   947 | D:2      | Reached XP level 4. HP: 33/40 MP: 3/3
  1350 | D:3      | Reached skill level 5 in Unarmed Combat
  1408 | D:3      | You fall into a shaft and drop 3 floors!
  1413 | D:6      | Reached XP level 5. HP: 47/47 MP: 4/4
  1457 | D:6      | Noticed an orc warrior
  1466 | D:6      | Slain by an orc warrior

Levels and vault maps discovered:
D:1:      dpeg_arrival_houses_and_road, layout_rooms
D:2:      layout_basic, chequers_temple_overflow_statue_of_worship
D:3:      layout_basic, first_ration
D:6:      layout_basic, lemuel_crystal_altar

Skill      XL: |  1  2  3  4 |
---------------+-------------+-----
Unarmed Combat | 4 5 |  5.3
Fighting       | 3 |  3.5
Dodging        | |  2.4
Stealth        | |  1.0

Action                   |  1- 3 |  4- 6 || total
-------------------------+-------+-------++-------
Melee: Unarmed           |   122 |    38 ||   160
       Punch             |     3 |       ||     3
Invok: Sacrifice Health  |     1 |       ||     1
 Stab: Sleeping          |     2 |     3 ||     5
  Eat: Chunk             |    12 |     7 ||    19
Armor: Robe              |    63 |     5 ||    68
Dodge: Dodged            |    73 |    14 ||    87
